 Dungeon Crawl Stone Soup version 0.30-a0-329-g85436e0a43 (webtiles) character file.

Game seed: 15266981776944909663

224 Lanoc the Chopper (level 6, -4/56 HPs)
             Began as a Hill Orc Chaos Knight on Oct 28, 2022.
             Was a Plaything of Xom.
             Splashed by a jelly's acid (10 damage)
             ... on level 2 of the Dungeon.
             The game lasted 00:02:32 (1301 turns).

Lanoc the Chopper (Hill Orc Chaos Knight)           Turns: 1301, Time: 00:02:32

Health: -4/56      AC:  1    Str: 15    XL:     6   Next: 0%
Magic:  6/6        EV: 12    Int: 12    God:    Xom [*.....]
Gold:   48         SH:  0    Dex: 12    Spells: 5/5 levels left

rFire   . . .      SeeInvis .    a - +0 hand axe (chaos)
rCold   . . .      Faith    .    (no shield)
rNeg    . . .      Spirit   .    b - +2 leather armour
rPois   .          Reflect  .    (no helmet)
rElec   .          Harm     .    (no cloak)
rCorr   .          Rampage  .    (no gloves)
Will    +....                    (no boots)
Stlth   +.........               (no amulet)
HPRegen 0.29/turn                j - ring of willpower
MPRegen 0.10/turn                (no ring)

@: corroded
A: no striking features
a: Renounce Religion


You were on level 2 of the Dungeon.
You worshipped Xom.
You were a special plaything of Xom.
You visited 1 branch of the dungeon, and saw 2 of its levels.

You collected 48 gold pieces.

Inventory:

Hand Weapons
 a - a +0 hand axe of chaos (weapon)
Armour
 b - a +2 leather armour (worn)
Jewellery
 j - a ring of willpower (left hand)
Scrolls
 e - a scroll of fear {unknown}
 f - a scroll of butterflies {unknown}
 g - 2 scrolls of identify {unknown}
 h - a scroll of teleportation {unknown}
 i - a scroll of blinking {unknown}
Potions
 d - 2 potions of mutation {unknown}
 k - a potion of attraction {unknown}
 l - a potion of berserk rage {unknown}
Miscellaneous
 c - a piece from Xom's chessboard (15/15) (quivered)


   Skills:
 + Level 5.0 Fighting
 + Level 5.4 Axes
 + Level 3.7 Armour
 + Level 2.3 Dodging


You had 5 spell levels left.
You didn't know any spells.
Your spell library contained the following spells:

 Spells                   Type           Power      Damage    Failure   Level
 Sting                    Tmut/Pois      0%         1d3       38%         1
 Poisonous Vapours        Pois/Air       0%         N/A       52%         2
 Olgreb's Toxic Radiance  Pois           0%         N/A       99%         4


Dungeon Overview and Level Annotations

Branches:
Dungeon (2/15)

Altars:


Message History

The kobold barely misses you.
You hit the kobold but do no damage. The kobold hits you with a +0 whip.
You hit the kobold.
The kobold seems to slow down.
The kobold is moderately wounded.
The kobold is no longer moving slowly.
You hit the kobold.
The kobold evaporates and reforms as a jelly!
Your hands burn!
The jelly is moderately wounded.
The jelly hits you.
You are splashed with acid!
You hit the jelly. The acid corrodes you!
Your hands burn!
The jelly is heavily wounded.
The jelly hits you.
You are splashed with acid.
You hit the jelly but do no damage.
Your hands burn!
The jelly is heavily wounded.
The jelly closely misses you.
You hit the jelly. You burn the jelly.
Your hands burn!
The jelly is severely wounded.
The jelly hits you.
You are splashed with acid!
* * * LOW HITPOINT WARNING * * *
You hit the jelly but do no damage.
Your hands burn!
* * * LOW HITPOINT WARNING * * *
The jelly is severely wounded.
The jelly misses you.
You hit the jelly but do no damage.
Your hands burn!
* * * LOW HITPOINT WARNING * * *
The jelly is severely wounded.
The jelly closely misses you.
You hit the jelly.
Your hands burn!
* * * LOW HITPOINT WARNING * * *
The jelly is severely wounded.
The jelly completely misses you.
You hit the jelly but do no damage.
Your hands burn!
* * * LOW HITPOINT WARNING * * *
The jelly is severely wounded.
The jelly hits you.
* * * LOW HITPOINT WARNING * * *
You are splashed with acid!
You die...
Xom is highly amused!

# #. # #. ######
#P♣♣..#....# .# .
♣~~P..#....# .#.#
~~~P..J....# ####.#.###
~≈~....@...# #........#
P~P........###........#
P♣~P.........'........#
#~♣♣###....###........#
# ###### #........#
#........#
######........#
#...........###
#.###########


You could see a jelly.

Vanquished Creatures
  Sigmund (D:2)
  2 adders (D:2)
  A worm (D:2)
  A dart slug (D:1)
  5 ball pythons
  2 endoplasms (D:1)
  A hobgoblin (D:1)
  5 jackals (D:1)
  3 quokkas (D:2)
  3 bats (D:1)
  8 frilled lizards
  6 goblins
  5 kobolds
  3 rats (D:1)
46 creatures vanquished.

Vanquished Creatures (others)
  14 plants (D:2)
14 creatures vanquished.

Grand Total: 60 creatures vanquished

Notes
Turn   | Place    | Note
-------+----------+-------------------------------------------
     0 | D:1      | Lanoc the Hill Orc Chaos Knight began the quest for the
                  | Orb.
     0 | D:1      | Reached XP level 1. HP: 19/19 MP: 1/1
    18 | D:1      | Reached skill level 1 in Dodging
    19 | D:1      | Reached XP level 2. HP: 24/27 MP: 2/2
   139 | D:1      | You fall into a shaft and drop 1 floor!
   189 | D:2      | Reached XP level 3. HP: 8/33 MP: 3/3
   458 | D:1      | XOM: smoke on damage
   517 | D:1      | XOM: cloud trail
   531 | D:1      | XOM: silly message
   970 | D:2      | Noticed Sigmund
   970 | D:2      | XOM: noise
   972 | D:2      | XOM: cast spell 'Leda's Liquefaction'
   975 | D:2      | XOM: confuse monster(s)
   977 | D:2      | XOM: potion effect (heal wounds)
   977 | D:2      | XOM: butterfly on damage
   986 | D:2      | Killed Sigmund
   987 | D:2      | Reached skill level 5 in Axes
   987 | D:2      | Reached XP level 4. HP: 21/41 MP: 4/4
   987 | D:2      | Reached XP level 5. HP: 24/47 MP: 5/5
  1104 | D:2      | XOM: silly message
  1123 | D:2      | XOM: 3-stop teleportation journey
  1187 | D:2      | Reached skill level 5 in Fighting
  1187 | D:2      | Reached XP level 6. HP: 51/56 MP: 6/6
  1301 | D:2      | Splashed by a jelly's acid

Illustrated notes

Levels and vault maps discovered:
D:1:      amcnicky_arrival_double_pillar, layout_rooms
D:2:      minmay_thinvault, layout_basic, serial_bayou, serial_bayou_lake_a,
          serial_bayou_pond_e, serial_bayou_pond_c, serial_bayou_shore_b,
          serial_bayou_pond_d, uniq_sigmund

Skill      XL: |  1  2  3  4  5 |
---------------+----------------+-----
Dodging        | 1 2 |  2.3
Fighting       | 4 5 |  5.0
Axes           | 5 |  5.4
Armour         | 3 |  3.7

Action                   |  1- 3 |  4- 6 || total
-------------------------+-------+-------++-------
Melee: Hand axe          |   115 |    30 ||   145
Evoke: Piece from Xom's  |     2 |       ||     2
 Stab: Paralysed         |     1 |       ||     1
Armor: Leather armour    |    56 |     8 ||    64
Dodge: Dodged            |    90 |    17 ||   107

Table legend: (Time is in decaauts)
 A = Elapsed time spent in this place.
 B = Non-inter-level travel time spent in this place.
 C = Inter-level travel time spent in this place.
 D = Time resting spent in this place.
 E = Time spent auto-exploring this place.
 F = Levels seen in this place.
 G = Mean time per level.
                   A        B        C        D        E       F      G
               +--------+--------+--------+--------+--------+-----+--------+
         Total |   1323 |   1294 |     29 |     96 |    894 |   2 |  661.5 |
       Dungeon |   1323 |   1294 |     29 |     96 |    894 |   2 |  661.5 |
               +--------+--------+--------+--------+--------+-----+--------+

Top non-repeatable levels by time:
     D:2: 761 daAuts
     D:1: 561 daAuts
